 Dungeon Crawl Stone Soup version 0.28-a0-691-gad6df49e81 (webtiles) character file.

Game seed: 13321985757784243348

226 cheechan the Chopper (level 6, -3/57 HPs)
             Began as a Naga Chaos Knight on Oct 21, 2021.
             Was a Plaything of Xom.
             Slain by a tarantella (shapeshifter) (13 damage)
             ... on level 3 of the Dungeon.
             The game lasted 00:10:13 (3820 turns).

cheechan the Chopper (Naga Chaos Knight)            Turns: 3820, Time: 00:10:14

Health: -3/57      AC:  5    Str: 16    XL:     6   Next: 1%
Magic:  6/6        EV:  9    Int: 12    God:    Xom [..*...]
Gold:   156        SH:  0    Dex: 11    Spells: 5/5 levels left

rFire   . . .      SeeInvis +   a - +0 hand axe (chaos)
rCold   . . .      Faith    .   (no shield)
rNeg    . . .      Spirit   .   b - +2 leather armour
rPois   +          Reflect  .   (no helmet)
rElec   .          Harm     .   (no cloak)
rCorr   .          Rampage  .   (no gloves)
Will    .....                   (no barding)
Stlth   +.........              (no amulet)
HPRegen 0.19/turn               k - ring of poison resistance
MPRegen 0.10/turn               (no ring)

@: confused, very slow
A: AC +2, large, see invisible, deformed body, poison resistance, slowness 2,
spit poison 1, naga tail 1
a: Spit Poison, Renounce Religion


You were on level 3 of the Dungeon.
You worshipped Xom.
You were a toy of Xom.
You visited 1 branch of the dungeon, and saw 3 of its levels.

You collected 156 gold pieces.

Inventory:

Hand Weapons
 a - a +0 hand axe of chaos (weapon)
Missiles
 c - 43 arrows
 e - 10 stones
 g - a throwing net
Armour
 b - a +2 leather armour (worn)
Jewellery
 k - a ring of poison resistance (left hand)
Wands
 j - a wand of polymorph (9)
Scrolls
 d - 2 scrolls of teleportation
 f - a scroll of blinking
Potions
 h - a potion of haste
 l - a potion of lignification {unknown}
 m - a potion of degeneration {unknown}
 n - a potion of curing {unknown}


   Skills:
 + Level 4.0 Fighting
 + Level 4.8 Axes
 + Level 2.5 Armour
 + Level 1.4 Dodging
 + Level 2.1 Stealth


You had 5 spell levels left.
You didn't know any spells.
Your spell library contained the following spells:

 Spells                   Type           Power      Damage    Failure   Level
 Ensorcelled Hibernation  Hex/Ice        0%         N/A       52%         2
 Tukima's Dance           Hex            0%         N/A       75%         3


Dungeon Overview and Level Annotations

Branches:
Dungeon (3/15)

Altars:

Shops:
D:1 =


Innate Abilities, Weirdness & Mutations

Your serpentine skin is tough. (AC +2)
You have supernaturally acute eyesight. (SInv)
Armour fits poorly on your strangely shaped body.
Your system is resistant to poisons. (rPois)
You cover ground very slowly.
You can spit poison.
You have a snake-like lower body.


Message History

As you read the scroll labelled GOPUIC PURARCHE, it crumbles to dust.
Wisps of shadow whirl around you...
It was a scroll of summoning.
You swap places.
You swap places.
Your giant cockroach dissolves into shadows!
The orc shouts!
Your adder dissolves into shadows!
The orc completely misses you. The orc hits you but does no damage.
The orc barely misses you. The orc barely misses you.
The orc barely misses you. The orc closely misses you.
You hit the orc but do no damage.
The orc seems to speed up.
Xom thinks this is hilarious!
The orc hits you but does no damage. The orc hits you with a +0 dagger.
You barely miss the orc. The orc hits you with a +0 dagger.
The orc hits you but does no damage.
You hit the orc.
The orc is lightly wounded.
The orc hits you but does no damage.
You hit the orc but do no damage.
The orc changes into a shapeshifter!
The shapeshifter is lightly wounded.
The shapeshifter changes into a tarantella!
You hit the tarantella.
The tarantella seems to speed up.
The tarantella is lightly wounded.
The tarantella touches you.
You are confused.
The tarantella touches you but does no damage.
You miss the tarantella.
The tarantella is lightly wounded.
The tarantella touches you! The tarantella touches you.
The tarantella touches you!
You bump into the rock wall.
The tarantella barely misses you. The tarantella touches you!
* * * LOW HITPOINT WARNING * * *
You are more confused.
The tarantella touches you but does no damage.
The tarantella touches you!
You die...
Xom is highly amused!

#...... #........
#......
#..........#......
#....(.....#####..
#..........# #..
#..........# #..
#..........# #..
#..........# ###
#@.........#######
#.s...............
#.................
######............
#............
#......######
#............
#............
#............


You could see a tarantella shaped shifter (fast).

Vanquished Creatures
  A jelly (D:2)
  2 orc priests
  An orc wizard (D:2)
  4 adders (D:2)
  A worm (D:2)
  4 dart slugs
  2 orcs (D:3)
  10 bats
  9 endoplasms
  A giant cockroach (D:2)
  3 goblins
  4 hobgoblins
  4 jackals (D:2)
  4 quokkas
  A ball python (D:2)
  4 frilled lizards
  4 kobolds
  5 rats
64 creatures vanquished.

Notes
Turn   | Place    | Note
-------+----------+-------------------------------------------
     0 | D:1      | cheechan the Naga Chaos Knight began the quest for the Orb.
     0 | D:1      | Reached XP level 1. HP: 21/21 MP: 1/1
   137 | D:1      | Reached XP level 2. HP: 9/28 MP: 2/2
   209 | D:1      | XOM: silly message
   481 | D:1      | XOM: silly message
   725 | D:1      | XOM: silly message
   756 | D:1      | XOM: silly message
   902 | D:1      | Found Qoptinim's Jewellery Shop.
   924 | D:1      | Reached XP level 3. HP: 34/34 MP: 3/3
  1003 | D:1      | XOM is BORED!
  1003 | D:1      | XOM: silly message
  1008 | D:1      | XOM is BORED!
  1008 | D:1      | XOM: silly message
  1382 | D:2      | Reached XP level 4. HP: 17/43 MP: 4/4
  1391 | D:2      | Reached skill level 1 in Dodging
  1465 | D:2      | XOM: divination: detect creatures
  1834 | D:2      | XOM: silly message
  1903 | D:2      | Found a faded altar of an unknown god.
  1957 | D:2      | XOM: cast spell 'Cause Fear'
  2254 | D:3      | XOM: 9-stop teleportation journey
  2399 | D:3      | XOM: noise
  2463 | D:3      | Reached skill level 1 in Stealth
  2855 | D:2      | Reached XP level 5. HP: 23/50 MP: 5/5
  3034 | D:2      | HP: 2/50 [orc priest/nerve-wracking pain (8)]
  3336 | D:3      | XOM: smoke on damage
  3346 | D:3      | Reached XP level 6. HP: 4/57 MP: 6/6
  3526 | D:3      | XOM: silly message
  3601 | D:3      | XOM: silly message
  3816 | D:3      | Noticed a shapeshifter
  3816 | D:3      | an orc changed into a shapeshifter
  3816 | D:3      | Noticed a tarantella
  3816 | D:3      | a shapeshifter changed into a tarantella
  3820 | D:3      | Slain by a tarantella (shapeshifter)

Illustrated notes

Levels and vault maps discovered:
D:1:      minmay_arrival_doors, layout_basic, serial_shops, shop_statue
D:2:      layout_rooms, dreamdust_ecumenical_altar_angels_and_demons,
          chequers_serial_rivers_room_a
D:3:      layout_basic, minmay_misc_feat_room, chequers_arboretum

Skill      XL: |  1  2  3  4  5 |
---------------+----------------+-----
Dodging        | 1 |  1.4
Axes           | 4 |  4.8
Armour         | 2 |  2.5
Stealth        | 1 2 |  2.1
Fighting       | 4 |  4.0

Action                   |  1- 3 |  4- 6 || total
-------------------------+-------+-------++-------
Melee: Hand axe          |   109 |    95 ||   204
 Abil: Spit Poison       |       |     2 ||     2
  Use: Scroll            |     1 |     6 ||     7
 Stab: Sleeping          |       |     1 ||     1
Armor: Leather armour    |    70 |    47 ||   117
Dodge: Dodged            |    78 |    60 ||   138

Table legend: (Time is in decaauts)
 A = Elapsed time spent in this place.
 B = Non-inter-level travel time spent in this place.
 C = Inter-level travel time spent in this place.
 D = Time resting spent in this place.
 E = Time spent auto-exploring this place.
 F = Levels seen in this place.
 G = Mean time per level.
                   A        B        C        D        E       F      G
               +--------+--------+--------+--------+--------+-----+--------+
         Total |   4661 |   4661 |      0 |   1487 |      0 |   3 | 1553.7 |
       Dungeon |   4661 |   4661 |      0 |   1487 |      0 |   3 | 1553.7 |
               +--------+--------+--------+--------+--------+-----+--------+

Top non-repeatable levels by time:
     D:2: 1701 daAuts
     D:1: 1535 daAuts
     D:3: 1424 daAuts
